 Dungeon Crawl Stone Soup version 0.17-a0-981-gf8a484a (webtiles) character file.

303206 Herrn the Executioner (level 22, 25/141 HPs)
             Began as a Formicid Fighter on May 11, 2015.
             Was the Champion of Okawaru.
             Quit the game on level 1 of the Abyss.
             The game lasted 02:44:58 (46416 turns).

Herrn the Executioner (Formicid Fighter)           Turns: 46416, Time: 02:44:58

Health: 25/141     AC: 23    Str: 33      XL:     22   Next: 0%
Magic:  11/21      EV: 20    Int:  7 (9)  God:    Okawaru [******]
Gold:   5352       SH: 36    Dex: 13      Spells: 2 memorised, 27 levels left

rFire  + . .     SeeInvis +     U - +5 battleaxe (venom)
rCold  + . .     Clarity  .     M - +5 ring mail of the Five Runes {Str+5}
rNeg   . . .     SustAb   .     Y - +8 large shield {reflect}
rPois  +         Gourm    .     (helmet unavailable)
rElec  .         Spirit   +     E - +2 cloak {rPois}
rCorr  .         Warding  .     A - +0 pair of gloves {Dex+3}
rMut   .         Stasis   +     a - +2 pair of boots {Fly}
MR     ++...                    m - amulet of guardian spirit
Stlth  +.........               w - ring of protection from fire
                                l - ring of protection from cold

@: liquid flames, heroism, flying, non-regenerating, diseased, glowing, studying
Ice Magic, very resistant to hostile enchantments, very unstealthy
A: permanent stasis, dig shafts and tunnels, four strong arms, antennae 3, icy
blue scales 1, large bone plates 1, rugged brown scales 1, breathe flames 1,
clever 1, deformed body, deterioration 2, dopey 1, frail 2, low mp 3, screaming
2, weak 1, wild magic 1, MP-powered wands
a: Dig, Shaft Self, Heroism, Renounce Religion, Breathe Fire, Stop Flying
}: 2/15 runes: barnacled, gossamer


You were on level 1 of the Abyss.
You worshipped Okawaru.
Okawaru was exalted by your worship.
You were not hungry.

You visited 7 branches of the dungeon, and saw 39 of its levels.
You visited the Abyss 2 times.
You also visited: Labyrinth, Bailey, Ice Cave and Volcano.

You collected 5910 gold pieces.
You spent 558 gold pieces at shops.

Inventory:

Hand weapons
 c - a +2 battleaxe of electrocution
 P - a +1 great mace of flaming
 U - a +5 battleaxe of venom (weapon)
Armour
 a - a +2 pair of boots of flying (worn)
 d - the +4 chain mail of Card Tricks {rCorr}
   (You found it on level 13 of the Dungeon)

   It protects you from acid and corrosion.
 q - the +0 large shield of Follow the Leader {rElec rPois rN+}
   (You acquired it on level 7 of the Lair of Beasts)

   It insulates you from electricity.
   It protects you from poison.
   It protects you from negative energy.
 A - a +0 pair of gloves of dexterity (worn)
 B - the +2 pair of boots of the Assassin {Stlth++}
   (You acquired it on level 1 of the Spider Nest)

   It makes you much more stealthy.
 E - a +2 cloak of poison resistance (worn)
 J - the +0 pair of boots "Udaic" {rC+}
   (You found it on level 12 of the Dungeon)

   It protects you from cold.
 M - the +5 ring mail of the Five Runes (worn) {Str+5}
   (You found it on level 7 of the Dungeon)

   It affects your strength (+5).
 R - the +3 ring mail of Salvation {MR+++ Str-5 Int+6}
   (You bought it in a shop on level 4 of the Orcish Mines)

   It affects your strength (-5).
   It affects your intelligence (+6).
   It affects your resistance to hostile enchantments.
 W - the +1 leather armour "Nuzxeewes" {rElec MP-9 Dex+3 Slay+3}
   (You found it in a labyrinth)

   It affects your dexterity (+3).
   It affects your accuracy and damage with ranged weapons and melee attacks
   (+3).
   It insulates you from electricity.
   It affects your magic capacity (-9).
 Y - a +8 large shield of reflection (worn)
Jewellery
 l - a ring of protection from cold (left hand)
 m - an amulet of guardian spirit (around neck)
 w - a ring of protection from fire (right hand)
 D - an uncursed amulet of stasis {unknown}
 L - an uncursed ring of sustain abilities
 Z - an uncursed ring of magical power
Magical devices
 e - a wand of heal wounds (3)
 I - a wand of flame (26)
 K - a wand of heal wounds (4)
Scrolls
 b - 3 scrolls of silence
 i - 9 scrolls of remove curse
 n - 6 scrolls of recharging
 o - 4 scrolls of enchant armour
 r - 5 scrolls of enchant weapon
 s - 10 scrolls of amnesia
 u - 3 scrolls of holy word
 Q - 6 scrolls of magic mapping
 S - 7 scrolls of identify
Potions
 f - a potion of cancellation
 g - 5 potions of cure mutation
 h - 3 potions of lignification
 p - 14 potions of curing
 t - 8 potions of ambrosia
 z - 3 potions of agility
 F - 4 potions of might
 N - 5 potions of resistance
 O - 2 potions of brilliance
 V - a potion of magic {unknown}
 X - 3 potions of heal wounds
Books
 k - a Grand Grimoire {highlevel, unknown}

   This book is beyond your current level of understanding.

   Spells                             Type                      Level
   a - Monstrous Menagerie            Summoning                    6
   b - Summon Greater Demon           Summoning                    7
   c - Malign Gateway                 Summoning/Translocation      7
   d - Summon Horrible Things         Summoning                    8
 x - a Grand Grimoire {highlevel, unknown}

   This book is beyond your current level of understanding.

   Spells                             Type                      Level
   a - Monstrous Menagerie            Summoning                    6
   b - Summon Greater Demon           Summoning                    7
   c - Malign Gateway                 Summoning/Translocation      7
   d - Summon Horrible Things         Summoning                    8
 y - a manual of Ice Magic
 H - a manual of Ice Magic
Comestibles
 j - 19 meat rations
 v - 2 royal jellies
 C - 15 bread rations
 G - 15 slices of pizza
 T - 5 fruits


   Skills:
 + Level 13.9(18.9) Fighting
 * Level 21.3(26.3) Axes
 + Level 8.4(13.4) Armour
 + Level 10.9(15.9) Dodging
 + Level 17.6(22.6) Shields
 - Level 6.2 Spellcasting
 * Level 12.0 Necromancy
 * Level 12.5 Transmutations
 - Level 6.1 Invocations


You had 27 spell levels left.
You knew the following spells:

 Your Spells              Type           Power        Failure   Level  Hunger
a - Passwall              Trmt/Erth      ###.......   19%         3    ###....
b - Regeneration          Chrm/Necr      ###.......   19%         3    ###....


Dungeon Overview and Level Annotations

Branches:
Dungeon (15/15)            Temple (1/1) D:4            Lair (8/8) D:10
 Shoals (4/4) Lair:5       Spider (4/4) Lair:5        Slime (0/6) Lair:8
    Orc (4/4) D:12            Elf (3/3) Orc:4        Vaults (0/5) D:13
 Depths (0/5) D:15

Altars:
Ashenzari
Cheibriados
Dithmenos
Elyvilon
Fedhas
Gozag
Kikubaaqudgha
Makhleb
Nemelex Xobeh
Okawaru
Qazlal
Ru
Sif Muna
Trog
Vehumet
Xom
Yredelemnul
Zin
The Shining One
Beogh

Shops:
Orc:4 (:[[(   Elf:2 ?


Innate Abilities, Weirdness & Mutations

You are under a permanent stasis effect.
You can dig through walls and to a lower floor.
Your four strong arms can wield two-handed weapons with a shield.
You have a pair of large antennae on your head (SInv).
You are partially covered in icy blue scales (AC +1).
You are partially covered in large bone plates (AC +2, SH +2).
You are partially covered in rugged brown scales (AC +1, +3% HP).
You can breathe flames.
Your mind is acute. (Int +2)
Your spells are a little harder to cast, but a little more powerful.
[Armour fits poorly on your strangely shaped body.]
[Your body often deteriorates upon taking damage.]
[You are dopey. (Int -2)]
[You are very frail (-20% HP).]
[Your magical capacity is extremely low (-30% MP).]
[You sometimes yell uncontrollably at your foes.]
[You are weak. (Str -2)]
[You expend magic power (3 MP) to strengthen your wands.]


Message History

* * * LOW HITPOINT WARNING * * *
You feel ill.
You are covered in liquid flames!
* * * LOW HITPOINT WARNING * * *
The wretched star pulses with an eldritch light!
You feel weaker.
You feel frail.
You feel yourself wasting away.
Your body twists and deforms.
The mottled draconian twists and deforms.
You are covered in liquid flames!
* * * LOW HITPOINT WARNING * * *
The blink frog blinks!
The wretched star pulses with an eldritch light!
You feel your body start to fall apart.
You feel the urge to shout.
You feel stupid.
You feel a strong urge to yell.
The mottled draconian twists and deforms.
The blink frog twists and deforms.
Unknown command.
Unknown command.
Unknown command.
Are you sure you want to abandon this character and quit the game? (Confirm with "yes".)

. #.. .{.### # #{
.#..##.####.## (# .
#......##....# #
.#..##..#..#.#
......#D.....# .
..##....#...# #.#
....ยง....#...#..#.
....#.#x.F##......
####..##.d@.#.#.
#.. ###..##... ###
#*## .. .#. . #. ..
.# .# # .#


You could see a bone dragon, a mottled draconian, a wretched star, an ancient
zyme and a blink frog.

Vanquished Creatures
  An ancient lich (Abyss:1)
  Norris (Spider:3)
  Nikola (Elf:3)
  3 bone dragons (Abyss:1)
  A lich (Abyss:1)
  A tentacled monstrosity (Abyss:1)
  2 Brimstone Fiends (Elf:3)
  An Executioner (Abyss:1)
  10 tentacled starspawn (Abyss:1)
  Ilsuiw (Shoals:4)
  Maud (Lair:6)
  2 deep elf sorcerers
  A ghost moth (Spider:4)
  The ghost of qauru the Black Belt, a powerful DsMo of Okawaru (Orc:4)
  A cacodemon (Abyss:1)
  4 emperor scorpions
  An angel (Abyss:1)
  A stone giant (Shoals:1)
  5 deep elf demonologists (Elf:3)
  Nessos (Orc:3)
  A vampire knight (D:13)
  A black draconian (Abyss:1)
  2 deep elf annihilators (Elf:3)
  A lorocyproca (Abyss:1)
  A red draconian (Volcano)
  A blizzard demon (Abyss:1)
  A fire dragon (D:15)
  2 merfolk javelineers
  A minotaur (Lab)
  14 merfolk impalers
  A deep elf death mage (Elf:3)
  Josephine (Lair:7)
  The ghost of Virusyak the Fighter, a powerful MiMo of Okawaru (Lair:3)
  2 deep elf high priests
  A hell beast (Abyss:1)
  Fannar (D:11)
  Harold (Orc:2)
  A rakshasa (Abyss:1)
  2 ice dragons
  Erolcha (Orc:2)
  A catoblepas (Lair:8)
  2 merfolk avatars
  An alligator snapping turtle (Shoals:4)
  Erica (D:8)
  11 merfolk aquamancers
  5 hydras
  17 dancing weapons (Elf:2)
  6 death yaks
  3 centaur warriors
  4 orc high priests
  The ghost of max the Cleaver, an experienced MiBe of Trog (D:9)
  An ogre mage (D:13)
  The ghost of Monkaria the Protected, an experienced DsCK of Xom (Bailey)
  2 thrashing horrors (Abyss:1)
  Urug (Lair:1)
  A sun demon (Elf:1)
  3 vampire magi
  Sonja (Orc:2)
  A soul eater (Abyss:1)
  6 wretched stars (Abyss:1)
  10 deep elf knights
  A skeletal warrior (D:13)
  2 spatial maelstroms (Abyss:1)
  11 sea snakes
  A shadow wraith (Abyss:1)
  A fulminant prism (D:15)
  A storm dragon skeleton (Abyss:1)
  2 lindwurms (Lair:8)
  7 hill giants
  A giant orange brain (Abyss:1)
  An ice statue (IceCv)
  6 orc knights
  3 unseen horrors
  18 starcursed masses (Abyss:1)
  3 deep elf summoners
  22 wolf spiders
  15 harpies
  12 deep elf conjurers
  A necromancer (IceCv)
  9 cyclopes
  18 orb spiders
  4 fauns (Shoals:1)
  4 hornets
  2 oklob plants
  6 orc sorcerers
  4 water nymphs
  5 ugly things (D:14)
  8 griffons
  9 manticores
  A centaur zombie (D:12)
  3 sirens
  Maurice (D:11)
  6 black mambas
  28 elephants
  3 drowned souls (Shoals:3)
  2 moths of wrath
  7 torpor snails
  2 worldbinders (Abyss:1)
  4 orange demons (Abyss:1)
  2 apocalypse crabs (Abyss:1)
  4 kobold demonologists
  3 smoke demons (Abyss:1)
  15 spiny frogs
  2 molten gargoyles (Volcano)
  5 centaur skeletons
  A fire drake (Lair:6)
  2 ancient zymes (Abyss:1)
  An efreet (Abyss:1)
  A hellwing (Abyss:1)
  5 demonic crawlers
  6 large abominations (Abyss:1)
  2 tengu conjurers (D:13)
  14 deep elf priests
  34 merfolk
  9 komodo dragons
  A shadow dragon simulacrum (Abyss:1)
  A wind drake (Shoals:2)
  4 two-headed ogres
  4 blue devils
  A hydra zombie (Abyss:1)
  A wandering mushroom (Lair:6)
  25 jumping spiders
  2 polar bears
  3 giant leeches (Lair:8)
  4 trolls
  10 freezing wraiths (IceCv)
  31 blink frogs
  4 boulder beetles
  4 raiju (Abyss:1)
  A slime creature (D:7)
  4 ravens
  7 snapping turtles
  25 trapdoor spiders
  24 redbacks
  8 vampires
  An iron dragon simulacrum (Abyss:1)
  24 flying skulls (D:13)
  4 wraiths
  49 yaks
  3 shadows
  6 wyverns
  17 tarantellas
  5 chaos spawn (Abyss:1)
  20 water elementals
  3 ynoxinuls (Abyss:1)
  Eustachio (D:5)
  2 golden eyes (Abyss:1)
  3 steam dragons
  4 basilisks
  21 hippogriffs
  27 deep elf magi
  A human (D:7)
  4 hungry ghosts
  29 deep elf fighters
  8 neqoxecs (Abyss:1)
  17 water moccasins
  20 wolves
  Edmund (D:4)
  2 insubstantial wisps (Abyss:1)
  3 vampire mosquitoes (D:14)
  15 ice beasts
  37 orc warriors
  6 sky beasts
  15 porcupines
  A phantom (D:13)
  23 spiders
  2 eyes of draining
  A hornet simulacrum (D:13)
  13 ogres
  A black bear (D:13)
  18 crocodiles
  5 boggarts (D:14)
  19 centaurs
  7 necrophages
  7 wasps
  14 small abominations (Abyss:1)
  14 big kobolds
  28 giant frogs
  4 brain worms (Lair:8)
  A wyvern skeleton (D:13)
  A water moccasin skeleton (D:8)
  24 killer bees
  9 scorpions
  4 electric eels
  9 wights
  A swamp dragon simulacrum (IceCv)
  A giant frog zombie (D:7)
  7 crimson imps
  3 draconian simulacra (IceCv)
  2 lava snakes (Volcano)
  10 human zombies
  6 hounds
  6 quasits
  4 iron imps (Abyss:1)
  2 wasp zombies
  14 jellies
  28 orc priests
  5 giant frog skeletons
  33 orc wizards
  3 troll simulacra (IceCv)
  11 iguanas
  20 worker ants
  A wolf simulacrum (IceCv)
  40 sheep
  2 polar bear simulacra (IceCv)
  5 spriggan simulacra (IceCv)
  3 centaur simulacra (IceCv)
  A hound skeleton (D:5)
  2 naga simulacra (IceCv)
  12 adders
  4 gnolls
  85 river rats
  3 ogre simulacra (IceCv)
  4 shadow imps
  24 white imps
  11 ufetubi
  3 adder skeletons
  11 oozes
  15 worms
  9 giant geckos
  180 orcs
  3 ball pythons
  13 bats
  4 bat skeletons
  6 giant cockroaches
  24 hobgoblins
  20 jackals
  78 kobolds
  5 quokkas
  A ball python zombie (D:1)
  A giant cockroach zombie (D:1)
  5 giant newts
  18 goblins
  A quokka skeleton (D:9)
  13 rats
  7 ballistomycetes (D:13)
  2 bushes
  A butterfly (D:11)
  12 fungi
  11 plants
  11 starspawn tentacles (Abyss:1)
2020 creatures vanquished.

Vanquished Creatures (others)
  The ghost of MRaven the Thaumaturge, a mighty DgCj (D:15)
  A ghost moth (Spider:4)
  3 merfolk javelineers (Shoals:4)
  A satyr (Shoals:4)
  A deep elf knight (Elf:2)
  2 fulminant prisms (D:15)
  A griffon (Lair:6)
  4 cyclopes
  A manticore (D:14)
  A merfolk (Shoals:4)
  A deep elf mage (Elf:2)
  A golden eye (Abyss:1)
  4 centaurs (D:15)
  A small abomination (Abyss:1)
  A naga simulacrum (IceCv)
  A worm (Lair:8)
  A giant spore (D:13)
  11 kobolds
  A lurking horror (Abyss:1)
  A butterfly (Lair:2)
  25 fungi
  10 plants
  13 starspawn tentacles (Abyss:1)
  144 starspawn tentacle segments (Abyss:1)
231 creatures vanquished.

Grand Total: 2251 creatures vanquished

Notes
Turn   | Place    | Note
--------------------------------------------------------------
     0 | D:1      | Herrn, the Formicid Fighter, began the quest for the Orb.
     0 | D:1      | Reached XP level 1. HP: 18/18 MP: 1/1
   234 | D:1      | Reached XP level 2. HP: 22/24 MP: 2/2
   287 | D:1      | Reached skill level 4 in Shields
   297 | D:1      | Reached XP level 3. HP: 15/29 MP: 3/3
  1365 | D:2      | Reached XP level 4. HP: 21/36 MP: 4/4
  1669 | D:3      | Noticed a big kobold
  1687 | D:3      | Killed a big kobold
  1687 | D:3      | Reached skill level 1 in Dodging
  1687 | D:3      | Reached XP level 5. HP: 34/42 MP: 3/5
  1762 | D:3      | Noticed a big kobold
  1762 | D:3      | Noticed a big kobold
  1772 | D:3      | Killed a big kobold
  1772 | D:3      | Reached skill level 5 in Shields
  1772 | D:3      | Reached XP level 6. HP: 35/48 MP: 6/6
  1775 | D:3      | Killed a big kobold
  2107 | D:3      | Noticed a big kobold
  2122 | D:3      | Killed a big kobold
  2122 | D:3      | Reached XP level 7. HP: 48/54 MP: 5/7
  2131 | D:3      | Noticed a big kobold
  2145 | D:3      | Killed a big kobold
  3233 | D:4      | Noticed Edmund
  3250 | D:4      | Killed Edmund
  3250 | D:4      | Reached skill level 5 in Axes
  3250 | D:4      | Reached skill level 5 in Armour
  3250 | D:4      | Reached XP level 8. HP: 25/61 MP: 5/8
  3426 | D:4      | Found a staircase to the Ecumenical Temple.
  3435 | Temple   | Entered the Ecumenical Temple
  3468 | Temple   | Became a worshipper of Warmaster Okawaru
  3586 | D:4      | Got a smoking cloak
  3592 | D:4      | Identified the +2 cloak of Ujimilac {MP+9} (You found it on level 4 of the Dungeon)
  4062 | D:5      | Entered Level 5 of the Dungeon
  4143 | D:5      | Reached skill level 1 in Invocations
  4332 | D:5      | Reached skill level 6 in Shields
  4851 | D:5      | Noticed Eustachio
  4874 | D:5      | Killed Eustachio
  4874 | D:5      | Acquired Okawaru's first power
  4874 | D:5      | Reached skill level 5 in Fighting
  5020 | D:5      | Reached XP level 9. HP: 55/68 MP: 11/11
  5065 | D:6      | Found a sacrificial altar of Ru.
  5217 | D:6      | Reached skill level 7 in Axes
  5682 | D:6      | Found an ancient bone altar of Kikubaaqudgha.
  6206 | D:7      | Got a distressingly furry ring mail
  6217 | D:7      | Identified the +5 ring mail of the Five Runes {Str+5} (You found it on level 7 of the Dungeon)
  6386 | D:7      | Reached XP level 10. HP: 67/76 MP: 13/13
  6513 | D:7      | Reached skill level 8 in Axes
  6550 | D:7      | Reached skill level 5 in Invocations
  7143 | D:8      | Reached skill level 9 in Axes
  7505 | D:8      | Noticed Erica
  7514 | D:8      | Killed Erica
  7514 | D:8      | Reached skill level 5 in Dodging
  7566 | D:8      | Reached XP level 11. HP: 77/84 MP: 15/15
  7901 | D:9      | Reached skill level 10 in Axes
  8180 | D:9      | Acquired Okawaru's second power
  8185 | D:9      | Noticed max's ghost (experienced MiBe)
  8202 | D:9      | Killed max's ghost
  9209 | D:10     | Entered Level 10 of the Dungeon
  9230 | D:10     | Noticed a hill giant
  9239 | D:10     | Killed a hill giant
  9239 | D:10     | Reached skill level 11 in Axes
  9433 | D:10     | Received a gift from Okawaru
  9503 | D:10     | Found a staircase to the Lair.
  9630 | D:10     | Noticed a hill giant
  9644 | D:10     | Killed a hill giant
  9644 | D:10     | Reached XP level 12. HP: 92/92 MP: 16/16
  9711 | D:10     | Reached skill level 10 in Shields
  9758 | D:10     | Found a bloodstained altar of Trog.
 10102 | D:11     | Found a frozen archway.
 10181 | D:11     | Found a labyrinth entrance.
 10196 | Lab      | Entered a labyrinth
 10471 | Lab      | Noticed a minotaur
 10479 | Lab      | Killed a minotaur
 10497 | Lab      | Got a bloodstained leather armour
 10518 | Lab      | Identified the cursed +1 leather armour "Nuzxeewes" {rElec MP-9 Dex+3 Slay+3} (You found it in a labyrinth)
 10559 | IceCv    | Entered an ice cave
 10673 | IceCv    | Reached skill level 12 in Axes
 11030 | IceCv    | Found an ancient bone altar of Kikubaaqudgha.
 11671 | D:11     | Noticed Maurice
 11683 | D:11     | Killed Maurice
 11744 | D:11     | Received a gift from Okawaru
 11744 | D:11     | Reached skill level 13 in Axes
 11824 | D:11     | Reached XP level 13. HP: 101/101 MP: 17/17
 11826 | D:11     | Found a runed door.
 11828 | D:11     | Found a runed door.
 11969 | D:11     | Noticed Fannar
 11987 | D:11     | Killed Fannar
 12375 | D:12     | Got a pair of brightly glowing boots
 12392 | D:12     | Identified the +0 pair of boots "Udaic" {rC+} (You found it on level 12 of the Dungeon)
 12491 | D:12     | Found a staircase to the Orcish Mines.
 12742 | D:12     | Learned a level 3 spell: Passwall
 12746 | D:12     | Learned a level 3 spell: Regeneration
 13034 | D:13     | Found a flagged portal.
 13043 | D:13     | Reached skill level 1 in Necromancy
 13054 | Bailey   | Entered a bailey
 13069 | Bailey   | Noticed Monkaria's ghost (experienced DsCK)
 13077 | Bailey   | Killed Monkaria's ghost
 13077 | Bailey   | Reached skill level 1 in Transmutations
 13106 | Bailey   | Received a gift from Okawaru
 13139 | Bailey   | Got a translucent large shield {god gift}
 13321 | Bailey   | Identified the +0 large shield of Okawaru's Whim {SInv} (Okawaru gifted it to you in a bailey)
 13542 | D:13     | Reached skill level 14 in Axes
 13636 | D:13     | Found a basalt altar of Yredelemnul.
 13646 | D:13     | Noticed a vampire knight
 13670 | D:13     | Killed a vampire knight
 14041 | D:13     | Got a twisted chain mail
 14056 | D:13     | Identified the +4 chain mail of Card Tricks {rCorr} (You found it on level 13 of the Dungeon)
 14303 | D:13     | Reached XP level 14. HP: 100/109 MP: 18/18
 14311 | D:13     | Found a sparkling altar of Nemelex Xobeh.
 14395 | D:13     | Received a gift from Okawaru
 14485 | D:13     | Found a gate to the Vaults.
 14871 | D:14     | Reached skill level 10 in Fighting
 14976 | D:14     | Received a gift from Okawaru
 15741 | D:14     | Reached skill level 15 in Axes
 15968 | D:15     | Entered Level 15 of the Dungeon
 15982 | D:15     | Reached skill level 5 in Necromancy
 16256 | D:15     | Noticed MRaven's ghost (mighty DgCj)
 16259 | D:15     | Reached skill level 5 in Transmutations
 16274 | D:15     | Killed MRaven's ghost
 16561 | D:15     | Found a staircase to the Depths.
 17170 | Lair:1   | Entered Level 1 of the Lair of Beasts
 17332 | Lair:1   | Noticed Urug
 17341 | Lair:1   | Killed Urug
 17362 | Lair:1   | Received a gift from Okawaru
 17365 | Lair:1   | Reached XP level 15. HP: 100/116 MP: 19/19
 18819 | Lair:2   | Identified a scroll of acquirement
 19904 | Lair:3   | Noticed Virusyak's ghost (powerful MiMo)
 19911 | Lair:3   | Killed Virusyak's ghost
 20225 | Lair:4   | Found a dark tunnel.
 20234 | Volcano  | Entered a volcano
 20329 | Volcano  | Found a burning altar of Makhleb.
 20334 | Volcano  | Reached skill level 16 in Axes
 20336 | Volcano  | Received a gift from Okawaru
 20885 | Lair:4   | Received a gift from Okawaru
 21706 | Lair:5   | Reached XP level 16. HP: 125/125 MP: 20/20
 22033 | Lair:5   | Found a staircase to the Shoals.
 22207 | Lair:5   | Received a gift from Okawaru
 22214 | Lair:5   | Got a heavily runed cloak {god gift}
 22225 | Lair:5   | Identified the +0 cloak of the Eagle {rElec MP+9 Int-2} (Okawaru gifted it to you on level 5 of the Lair of Beasts)
 22240 | Lair:5   | Found a hole to the Spider Nest.
 22760 | Lair:6   | Noticed Maud
 22772 | Lair:6   | Killed Maud
 23605 | Lair:7   | Gained mutation: You are resistant to hostile enchantments. [potion of mutation]
 23605 | Lair:7   | Gained mutation: Scrolls take you a little longer to read. [potion of mutation]
 23605 | Lair:7   | Lost mutation: Scrolls take you a little longer to read. [potion of mutation]
 23606 | Lair:7   | Gained mutation: You are partially covered in large bone plates (AC +2, SH +2). [potion of mutation]
 23606 | Lair:7   | Lost mutation: You are resistant to hostile enchantments. [potion of mutation]
 23606 | Lair:7   | Gained mutation: [Your magical capacity is low (-10% MP).] [potion of mutation]
 23607 | Lair:7   | Gained mutation: You are partially covered in rugged brown scales (AC +1, +3% HP). [potion of mutation]
 23607 | Lair:7   | Gained mutation: [Your magical capacity is very low (-20% MP).] [potion of mutation]
 23608 | Lair:7   | Lost mutation: [Your magical capacity is very low (-20% MP).] [potion of mutation]
 23608 | Lair:7   | Gained mutation: [Your magical capacity is very low (-20% MP).] [potion of mutation]
 23855 | Lair:7   | Noticed Josephine
 23866 | Lair:7   | Killed Josephine
 23881 | Lair:7   | Got a bloodstained large shield
 23892 | Lair:7   | Identified the +0 large shield of Follow the Leader {rElec rPois rN+} (You acquired it on level 7 of the Lair of Beasts)
 24395 | Lair:8   | Entered Level 8 of the Lair of Beasts
 24395 | Lair:8   | Found a staircase to the Slime Pits.
 24504 | Lair:8   | Received a gift from Okawaru
 24779 | Lair:8   | Reached skill level 17 in Axes
 25156 | Lair:8   | Found a runed door.
 25161 | Lair:8   | Received a gift from Okawaru
 25161 | Lair:8   | Reached XP level 17. HP: 136/136 MP: 17/17
 26223 | Orc:1    | Entered Level 1 of the Orcish Mines
 26602 | Orc:2    | Noticed Harold
 26613 | Orc:2    | Killed Harold
 26670 | Orc:2    | Found a roughly hewn altar of Beogh.
 26719 | Orc:2    | Noticed Erolcha
 26730 | Orc:2    | Killed Erolcha
 27108 | Orc:2    | Noticed Sonja
 27129 | Orc:2    | Killed Sonja
 27251 | Orc:3    | Noticed Nessos
 27284 | Orc:3    | Killed Nessos
 27954 | Orc:4    | Entered Level 4 of the Orcish Mines
 27954 | Orc:4    | Found Henubra's Antique Weapon Boutique.
 28022 | Orc:4    | Found a staircase to the Elven Halls.
 28292 | Orc:4    | Found Nysejof's Book Boutique.
 28292 | Orc:4    | Found Ilibb's Weapon Emporium.
 28295 | Orc:4    | Cast into the Abyss (orc knight)
 28419 | Abyss:1  | Found a corrupted altar of Lugonu.
 28486 | Abyss:1  | Noticed a tentacled starspawn
 28493 | Abyss:1  | Killed a tentacled starspawn
 28496 | Abyss:1  | Noticed a tentacled starspawn
 28497 | Abyss:1  | Noticed a bone dragon
 28502 | Abyss:1  | Killed a tentacled starspawn
 28527 | Abyss:1  | Killed a bone dragon
 28527 | Abyss:1  | Reached skill level 18 in Axes
 28600 | Abyss:1  | Noticed a tentacled starspawn
 28611 | Abyss:1  | Killed a tentacled starspawn
 28921 | Abyss:1  | Gained mutation: [You are frail (-10% HP).] [a cacodemon]
 28930 | Abyss:1  | Noticed a tentacled starspawn
 28936 | Abyss:1  | Killed a tentacled starspawn
 28942 | Abyss:1  | Gained mutation: Scrolls take you much longer to read. [a cacodemon]
 29156 | Abyss:1  | Noticed a tentacled starspawn
 29164 | Abyss:1  | Killed a tentacled starspawn
 29173 | Abyss:1  | Reached XP level 18. HP: 58/130 MP: 0/18
 29193 | Abyss:1  | Noticed a tentacled starspawn
 29444 | Abyss:1  | Received a gift from Okawaru
 29571 | Abyss:1  | Found a bloodstained altar of Trog.
 29596 | Orc:4    | Escaped the Abyss
 29602 | Orc:4    | Found Ygideno's Armour Boutique.
 29602 | Orc:4    | Found Ceerroo's Antique Armour Emporium.
 29611 | Orc:4    | Reached skill level 15 in Shields
 29627 | Orc:4    | Bought a scorched ring mail for 279 gold pieces
 29637 | Orc:4    | Identified the +1 ring mail "Koczen" {MR- rCorr Dex+5} (You bought it in a shop on level 4 of the Orcish Mines)
 29643 | Orc:4    | Bought a slimy ring mail for 279 gold pieces
 29648 | Orc:4    | Identified the +3 ring mail of Salvation {MR+++ Str-5 Int+6} (You bought it in a shop on level 4 of the Orcish Mines)
 29794 | Orc:4    | Noticed qauru's ghost (powerful DsMo)
 29807 | Orc:4    | Killed qauru's ghost
 30098 | Orc:4    | Lost mutation: Scrolls take you longer to read. [potion of cure mutation]
 30098 | Orc:4    | Lost mutation: [Your magical capacity is very low (-20% MP).] [potion of cure mutation]
 30833 | Spider:1 | Entered Level 1 of the Spider Nest
 31223 | Spider:1 | Received a gift from Okawaru
 31266 | Spider:1 | Reached skill level 10 in Dodging
 31979 | Spider:2 | Reached skill level 10 in Transmutations
 33133 | Spider:2 | Reached skill level 1 in Spellcasting
 33424 | Spider:3 | Reached skill level 19 in Axes
 33478 | Spider:3 | Received a gift from Okawaru
 33683 | Spider:3 | Noticed Norris
 33732 | Spider:3 | Killed Norris
 34123 | Spider:4 | Entered Level 4 of the Spider Nest
 34412 | Spider:4 | Reached skill level 10 in Necromancy
 34439 | Spider:4 | Reached XP level 19. HP: 123/137 MP: 21/21
 35201 | Spider:4 | Received a gift from Okawaru
 35386 | Spider:4 | Got a gossamer rune of Zot
 35719 | Shoals:1 | Entered Level 1 of the Shoals
 36676 | Shoals:2 | Found an ancient bone altar of Kikubaaqudgha.
 36807 | Shoals:2 | Identified the Incunabulum of Supportive Beguiling
 36985 | Shoals:2 | Found an iron altar of Okawaru.
 37346 | Shoals:3 | Gained mutation: You are partially covered in icy blue scales (AC +1). [potion of mutation]
 37346 | Shoals:3 | Lost mutation: [You are frail (-10% HP).] [potion of mutation]
 37347 | Shoals:3 | Gained mutation: You can breathe flames. [potion of mutation]
 37347 | Shoals:3 | Gained mutation: Your mind is acute. (Int +2) [potion of mutation]
 37347 | Shoals:3 | Gained mutation: Your spells are a little harder to cast, but a little more powerful. [potion of mutation]
 38206 | Shoals:4 | Entered Level 4 of the Shoals
 38275 | Shoals:4 | Received a gift from Okawaru
 38287 | Shoals:4 | Reached XP level 20. HP: 93/160 MP: 13/24
 38343 | Shoals:4 | Got a barnacled rune of Zot
 38547 | Shoals:4 | Reached skill level 5 in Spellcasting
 38559 | Shoals:4 | Noticed Ilsuiw
 38565 | Shoals:4 | Reached skill level 20 in Axes
 38615 | Shoals:4 | Killed Ilsuiw
 38920 | Shoals:4 | Received a gift from Okawaru
 40564 | Elf:1    | Entered Level 1 of the Elven Halls
 42006 | Elf:1    | You fall through a shaft!
 42648 | Elf:2    | Found a runed gate.
 42649 | Elf:2    | Found a runed gate.
 42653 | Elf:2    | Found a runed gate.
 42697 | Elf:2    | Reached XP level 21. HP: 148/167 MP: 23/27
 43052 | Elf:2    | Found Zasus's Magic Scroll Emporium.
 43248 | Elf:3    | Entered Level 3 of the Elven Halls
 43835 | Elf:3    | Noticed Nikola
 43865 | Elf:3    | Killed Nikola
 44045 | Elf:3    | Received a gift from Okawaru
 44761 | Elf:3    | Received a gift from Okawaru
 45208 | Elf:3    | Cast into the Abyss (a deep elf sorcerer)
 45292 | Abyss:1  | Found a deep blue altar of Sif Muna.
 45303 | Abyss:1  | Found a deep blue altar of Sif Muna.
 45523 | Abyss:1  | Noticed an ancient lich
 45541 | Abyss:1  | HP: 7/168 [Shadow Fiend/bolt of cold[an ancient lich] (15)]
 45542 | Abyss:1  | Killed an ancient lich
 45542 | Abyss:1  | Reached skill level 21 in Axes
 45548 | Abyss:1  | HP: 2/168 [starcursed mass/accursed screaming (7)]
 46400 | Abyss:1  | Reached XP level 22. HP: 36/176 MP: 13/28
 46416 | Abyss:1  | Quit the game

Vault maps used:
D:1:      saegor_arrival_fortress
D:3:      minmay_goblin_kobold_castle
D:4:      temple_pool_b, first_bread, uniq_edmund
D:5:      mrwooster_statue_mirror, minmay_liquid_box, uniq_eustachio
D:6:      old_forge, kiku_gazebo_pond_becter, basic_altar
D:7:      lemuel_slime, grunt_livestock
D:8:      uniq_erica
D:10:     erik_lair_dragon, bloody_trog
D:11:     lemuel_insect_pit, portal_ice_cave_entry_imps, lab_entry_generic,
          uniq_maurice, uniq_fannar
D:12:     orc_0_dummy, nicolae_zen_rock_garden
D:13:     lemuel_vampire_tower, hangedman_vaults_entry_quadrant_bands,
          enter_bailey_1, hangedman_decor_lopped, nemelex_diamond_rough_becter
D:14:     hangedman_decor_slide_cut
D:15:     grunt_enter_depths_hoard, grunt_decor_one_mirror
Temple:   grunt_circular_temple_18
Lair:1:   beast_lair_carwin_9, serial_bayou_shore_a, grunt_megastairs_4,
          uniq_urug
Lair:2:   forest_paths, grunt_forest_large_clearings, lemuel_fruit_fields
Lair:3:   mu_elephants_graveyard, nicolae_lair_grove_arrangements
Lair:4:   nicolae_volcano_entry_lava_flow, minmay_lair_oklob_bushes
Lair:5:   minmay_shoals_entry_hut, spider_nest_entry_webs, roderic_carrion_pond
Lair:6:   minivault_23, infiniplex_staircase_pool, uniq_maud
Lair:7:   uniq_josephine
Lair:8:   wormcave, hangedman_lair_in_review, nicolae_slime_entry_slimehenge
Shoals:1: st_cyclops
Shoals:2: hangedman_feature_mirror
Shoals:4: shoals_end_simple, shoal_ilsuiw
Spider:1: spider_trap
Spider:2: guppyfry_spider_mini_2
Spider:3: uniq_norris
Spider:4: grunt_spider_rune_parallel
Orc:2:    mines1_david, uniq_harold, uniq_sonja, uniq_erolcha
Orc:3:    nicolae_orc_pool_cavern, uniq_nessos
Orc:4:    grunt_orc_tribal_feast, serial_shops, shop
Elf:1:    hangedman_elf_represent, serial_sigils_hangedman_snap,
          lemuel_flame_loot_1
Elf:2:    serial_shops, shop_fountains, minivault_23, spider_trap
Elf:3:    elf_hall_gauntlet_wide, uniq_nikola
Lab:      labyrinth_mini_lab
Bailey:   bailey_axe_1, bailey
IceCv:    ice_cave_small_necro
Volcano:  volcano_lake

Action                   |  1- 3 |  4- 6 |  7- 9 | 10-12 | 13-15 | 16-18 | 19-21 | 22-24 || total
-------------------------+-------+-------+-------+-------+-------+-------+-------+-------++-------
Melee: War axe           |   144 |   110 |   500 |   727 |       |       |       |       ||  1481
       Battleaxe         |       |       |       |   252 |  1124 |  1513 |  1490 |     4 ||  4383
 Cast: Regeneration      |       |       |       |       |       |     7 |       |       ||     7
Invok: Heroism           |       |       |     1 |     9 |    10 |     9 |    11 |       ||    40
 Abil: Dig               |     5 |       |     3 |    22 |     5 |    17 |    21 |       ||    73
       Shaft Self        |       |       |       |       |       |       |     1 |       ||     1
Evoke: Wand              |       |       |       |     2 |       |       |       |       ||     2
  Use: Scroll            |       |       |       |    14 |    18 |     7 |     3 |       ||    42
       Potion            |       |       |       |     5 |     7 |    14 |     3 |       ||    29
 Stab: Sleeping          |       |       |       |     1 |       |       |     3 |       ||     4
       Petrifying        |       |       |       |       |       |     4 |       |       ||     4
       Petrified         |       |       |       |       |       |     1 |       |       ||     1
       Invisible         |       |       |       |       |       |       |     1 |       ||     1
  Eat: Chunk             |     3 |       |     4 |    16 |    19 |    34 |    30 |       ||   106
       Bread ration      |       |     1 |     2 |       |       |       |       |       ||     3
       Fruit             |       |       |       |     3 |     9 |    11 |     5 |       ||    28
       Beef jerky        |       |       |       |     1 |     5 |     1 |     3 |       ||    10
       Pizza             |       |       |       |     1 |       |       |       |       ||     1
       Royal jelly       |       |       |       |       |       |       |     2 |       ||     2
